 Dungeon Crawl Stone Soup version 0.18-a0-1466-g2490093 (webtiles) character file.

370 wvc the Skirmisher (level 7, 16/56 HPs)
             Began as a Human Wanderer on Mar 1, 2016.
             Was a Believer of Nemelex Xobeh.
             Quit the game on level 4 of the Dungeon.
             The game lasted 00:09:51 (4462 turns).

wvc the Skirmisher (Human Wanderer)                 Turns: 4462, Time: 00:09:52

Health: 16/56      AC:  3    Str: 15    XL:     7   Next: 2%
Magic:  8/8        EV: 12    Int: 15    God:    Nemelex Xobeh [**....]
Gold:   176        SH:  0    Dex:  9    Spells: 0 memorised, 8 levels left

rFire  . . .     SeeInvis +     q - +1 flail
rCold  . . .     Gourm    .     m - +0 leather armour
rNeg   . . .     Faith    .     (no shield)
rPois  .         Spirit   .     (no helmet)
rElec  .         Dismiss  .     (no cloak)
rCorr  .         Reflect  .     (no gloves)
SustAt .         Harm     .     (no boots)
MR     +....                    (no amulet)
Stlth  +.........               (no ring)
                                j - ring of protection from magic

@: quite poisoned (16 -> 10), somewhat resistant to hostile enchantments, very
unstealthy
A: see invisible, evolution 1, no device heal 1
a: Renounce Religion


You were on level 4 of the Dungeon.
You worshipped Nemelex Xobeh.
Nemelex Xobeh was pleased with you.
You were hungry.

You visited 1 branch of the dungeon, and saw 4 of its levels.

You collected 176 gold pieces.

Inventory:

Hand Weapons
 q - a +1 flail (weapon)
Missiles
 i - 92 stones (quivered)
Armour
 d - a +0 robe
 m - a +0 leather armour (worn)
Jewellery
 j - a ring of protection from magic (left hand)
Scrolls
 c - a scroll of teleportation
 g - a scroll of blinking
 h - a scroll of enchant weapon
 k - 2 scrolls of identify
 p - a scroll of fear
 s - a scroll of recharging
 v - a scroll of magic mapping {unknown}
Potions
 e - a potion of flight {unknown}
 r - a potion of haste
Books
 a - a book of Geomancy

   Spells                             Type                      Level
   a - Sandblast                      Earth                        1
   b - Passwall                       Transmutation/Earth          2
   c - Stone Arrow                    Conjuration/Earth            3
   d - Petrify                        Transmutation/Earth          4
   e - Lee's Rapid Deconstruction     Earth                        5
 b - Feliomiu's Reference Book on the Entourage

   Spells                             Type                      Level
   a - Summon Small Mammal            Summoning                    1
   b - Call Canine Familiar           Summoning                    3
Miscellaneous
 o - a plain deck of destruction {drawn: 3}
Comestibles
 f - 2 bread rations
 t - a meat ration


   Skills:
 - Level 5.0 Fighting
 * Level 4.9 Maces & Flails
 + Level 2.6 Armour
 - Level 2.4 Dodging
   Level 1.0 Shields
 - Level 1.0 Spellcasting
   Level 2.0 Earth Magic
 + Level 1.5 Evocations


You had 8 spell levels left.
You didn't know any spells.

Dungeon Overview and Level Annotations

Branches:
Dungeon (4/15)
 Temple: D:4-7

Altars:
Ashenzari
Gozag
Nemelex Xobeh
Pakellas
Ru

Annotations:
D:4 Robin


Innate Abilities, Weirdness & Mutations

You have supernaturally acute eyesight.
You evolve.
Potions and wands are less effective at restoring your health.


Message History

The adder bites you. The adder barely misses you.
An adder and 2 orcs come into view.
You miss the adder.
The orc shouts!
The adder misses you.
The orc moves out of view.
You miss the adder. The adder barely misses you. The adder bites you.
You hit the worker ant.
The worker ant is moderately wounded.
The worker ant barely misses you. The adder misses you. The orc hits you.
An orc comes into view.
You hit the worker ant.
The worker ant is heavily wounded.
You are feeling hungry.
The worker ant closely misses you. The adder bites you but does no damage.
The orc hits you. The worker ant bites you.
* * * LOW HITPOINT WARNING * * *
You are poisoned.
The worker ant poisons you! The adder barely misses you.
An orc comes into view. It is wielding a club.
Are you sure you want to abandon this character and quit the game? (Confirm with "yes".)

......
####.. #.#
###.# #....
.#..
########
.....
#......#
..##.
#..S@o.# #.
#...ao.o..o#
#.
#.......####
#. #......##
####.
#......#
#....
#......#
#......
#......#
###....
########
#.... #....


You could see a worker ant, an adder and 4 orcs.

Vanquished Creatures
  An orc wizard (D:3)
  A sheep (D:4)
  3 gnolls
  11 adders
  2 oozes
  2 worms
  2 dart slugs
  A giant gecko (D:3)
  7 orcs
  6 giant cockroaches
  6 goblins
  11 hobgoblins
  7 jackals
  6 bats
  3 giant newts (D:1)
  7 kobolds
  10 rats
86 creatures vanquished.

Vanquished Creatures (collateral kills)
  A phantom (D:4)
  A hound (D:4)
  A gnoll (D:2)
  A quokka (D:4)
4 creatures vanquished.

Grand Total: 90 creatures vanquished

Notes
Turn   | Place    | Note
--------------------------------------------------------------
     0 | D:1      | wvc the Human Wanderer began the quest for the Orb.
     0 | D:1      | wvc set off with: a book of Geomancy, Feliomiu's Reference Book on the Entourage, a scroll of teleportation, a +0 robe, a +0 club, a bread ration
     0 | D:1      | Reached XP level 1. HP: 21/21 MP: 2/2
     0 | D:1      | Identified Feliomiu's Reference Book on the Entourage
   172 | D:1      | Reached skill level 1 in Dodging
   231 | D:1      | Reached XP level 2. HP: 25/27 MP: 3/3
   647 | D:1      | Reached XP level 3. HP: 15/33 MP: 4/4
  1290 | D:2      | Found a faded altar to an unknown god.
  1475 | D:2      | Became a worshipper of Nemelex Xobeh the Trickster
  1475 | D:2      | Received a gift from Nemelex Xobeh
  1475 | D:2      | Received a gift from Nemelex Xobeh
  1475 | D:2      | Reached * piety under Nemelex Xobeh
  1613 | D:2      | Reached skill level 1 in Maces & Flails
  1764 | D:2      | Reached XP level 4. HP: 39/39 MP: 5/5
  2179 | D:2      | Reached skill level 1 in Armour
  2597 | D:2      | Reached XP level 5. HP: 32/44 MP: 6/6
  3068 | D:3      | Gained mutation: You evolve. [potion of mutation]
  3068 | D:3      | Gained mutation: Potions and wands are less effective at restoring your health. [potion of mutation]
  3142 | D:3      | Found a shattered altar of Ashenzari.
  3413 | D:3      | Found an opulent altar of Gozag.
  3447 | D:3      | Reached ** piety under Nemelex Xobeh
  3509 | D:3      | Found a sacrificial altar of Ru.
  3519 | D:3      | Reached XP level 6. HP: 44/51 MP: 7/7
  4057 | D:4      | Gained mutation: You have supernaturally acute eyesight. [evolution]
  4384 | D:4      | Noticed a phantom
  4420 | D:4      | Killed a phantom
  4425 | D:4      | Found an oddly glowing altar of Pakellas.
  4428 | D:4      | Reached XP level 7. HP: 34/56 MP: 8/8
  4447 | D:4      | Noticed Robin
  4462 | D:4      | Quit the game

Vault maps used:
D:1:      nagdon_arrival_zigzag_paths, grunt_decor_cap
D:2:      ecumenical_altar_2
D:3:      nicolae_ru_awakened_eye, lemuel_doored_altar, first_bread,
          serial_bayou_pond_a, cheibrodos_ashenzari_chains
D:4:      grunt_pakellas_mercury, vehumet_crystals,
          minmay_temple_entry_butterflies, uniq_robin

Skill      XL: |  1  2  3  4  5  6 |
---------------+-------------------+-----
Dodging        | 1 2 |  2.4
Maces & Flails | 1 2 3 4 |  4.9
Armour         | 1 2 |  2.6
Fighting       | |  5.0
Shields        | |  1.0
Spellcasting   | |  1.0
Earth Magic    | |  2.0
Evocations     | |  1.5

Action                   |  1- 3 |  4- 6 |  7- 9 || total
-------------------------+-------+-------+-------++-------
Melee: Club              |   153 |       |       ||   153
       Flail             |       |   217 |    12 ||   229
Evoke: Deck              |     1 |    12 |       ||    13
  Use: Potion            |     1 |     1 |     2 ||     4
       Scroll            |       |     7 |     1 ||     8
  Eat: Chunk             |     3 |     4 |       ||     7
       Bread ration      |       |     1 |       ||     1
